 Dungeon Crawl Stone Soup version 0.26-a0-638-gcca6ad1b57 (webtiles) character file.

Game seed: 13259717898819626202

65 DogServant the Chiller (level 3, -5/19 HPs)
             Began as a Deep Elf Ice Elementalist on Sept 14, 2020.
             Killed by divine providence
             ... invoked by an orc priest
              (13 damage)
             ... on level 4 of the Dungeon.
             The game lasted 00:04:49 (2783 turns).

DogServant the Chiller (Deep Elf Ice Elementalist)  Turns: 2783, Time: 00:04:50

Health: -5/19      AC:  2    Str:  5    XL:     3   Next: 94%
Magic:  7/10       EV: 13    Int: 20    God:
Gold:   141        SH:  0    Dex: 15    Spells: 5/9 levels left

rFire    . . .     SeeInvis .   d - +2 dagger (venom)
rCold    . . .     Faith    .   (no shield)
rNeg     . . .     Spirit   .   a - +0 robe
rPois    .         Reflect  .   (no helmet)
rElec    .         Harm     .   (no cloak)
rCorr    .         Rampage  .   (no gloves)
MR       .....                  (no boots)
Stlth    ++........             (no amulet)
HPRegen  0.06/turn              (no ring)
MPRegen  0.12/turn              (no ring)

@: frozen ramparts
A: no striking features
a: no special abilities


You were on level 4 of the Dungeon.
You visited 1 branch of the dungeon, and saw 4 of its levels.

You collected 141 gold pieces.

Inventory:

Hand Weapons
 d - a +2 dagger of venom (weapon)
 k - a +1 short sword of speed
Armour
 a - a +0 robe (worn)
 l - a +0 leather armour of magic resistance
Jewellery
 n - an uncursed ring of ice {unknown}
 p - a cursed amulet of magic regeneration {unknown}
Scrolls
 b - 6 scrolls of identify {unknown}
 f - 3 scrolls of teleportation {unknown}
 g - 2 scrolls of enchant armour {unknown}
 i - 2 scrolls of remove curse {unknown}
 m - 2 scrolls of fog {unknown}
 o - a scroll of blinking {unknown}
Potions
 c - a potion of brilliance {unknown}
 e - 3 potions of flight {unknown}
 h - 3 potions of stabbing {unknown}
 j - a potion of curing {unknown}


   Skills:
 + Level 0.4 Armour
 - Level 2.4 Dodging
 - Level 3.1 Stealth
 + Level 3.8 Spellcasting
 + Level 5.3 Ice Magic


You had 5 spell levels left.
You knew the following spells:

 Your Spells              Type           Power        Failure   Level
a - Freeze                Ice            ####         1%          1
b - Frozen Ramparts       Ice            ####..       4%          3

Your spell library contained the following spells:

 Spells                   Type           Power        Failure   Level
 Ozocubu's Armour         Ice            ####....     4%          3
 Hailstorm                Conj/Ice       ##......     41%         4
 Summon Ice Beast         Ice/Summ       ##......     41%         4


Dungeon Overview and Level Annotations

Branches:
Dungeon (4/15)
 Temple: D:4-7

Altars:
Cheibriados
Nemelex Xobeh
Ru
Uskayaw
The Shining One

Annotations:
D:4 Ijyb


Message History

The orc shouts!
The wall freezes the orc priest.
The orc priest calls down the wrath of Beogh upon you.
Beogh smites you!
Ouch! That really hurt!
The wall freezes the orc.
An orc comes into view.
The wall freezes the orc priest.
The orc priest looks encouraged for a moment.
The wall freezes the orc.
You kill the orc!
The wall freezes the orc priest.
Found a scroll labeled DEOTYS QUPO CAQOTH.
Ijyb the Twisted Goblin comes into view.
She is carrying a wand of disintegration (13).
The wall freezes the orc priest.
The wall freezes the orc priest.
The orc priest invokes the aid of Beogh against you.
Beogh smites you!
Ouch! That really hurt!
You die... .>.# #.#.. ...(#.#..# #.#. .....#..# ##.>. ...g. .o. ... ..?. oo#

... #..# #.# #.#
#..# #o# #.#
#..# #.####<##
#.@###o$.....#
#....o.......#
#.....#####.##.#
#.###.# #.# .#
#. #.# #.# .# #
#.# #.# .# #.#
#.# .# #.. ..#
###


You could see Ijyb and an orc priest.

Vanquished Creatures
  An ooze (D:3)
  4 dart slugs
  2 leopard geckos
  7 orcs
  4 bats
  2 giant cockroaches (D:1)
  3 goblins
  4 hobgoblins
  2 jackals (D:3)
  3 kobolds
  2 quokkas
  2 frilled lizards (D:2)
  3 rats
39 creatures vanquished.

Notes
Turn   | Place    | Note
-------+----------+-------------------------------------------
     0 | D:1      | DogServant the Deep Elf Ice Elementalist began the quest
                  | for the Orb.
     0 | D:1      | Reached XP level 1. HP: 10/10 MP: 6/6
   356 | D:1      | Reached XP level 2. HP: 15/15 MP: 8/8
  1084 | D:2      | Reached skill level 5 in Ice Magic
  1544 | D:2      | Reached XP level 3. HP: 14/19 MP: 9/9
  1549 | D:2      | Learned a level 3 spell: Frozen Ramparts
  2176 | D:3      | Found a sparkling altar of Nemelex Xobeh.
  2250 | D:3      | Found a snail-covered altar of Cheibriados.
  2274 | D:3      | Found a faded altar of an unknown god.
  2616 | D:3      | Found a hide-covered altar of Uskayaw.
  2617 | D:3      | Noticed a +0 dagger
  2617 | D:3      | Noticed a +0 hand axe
  2676 | D:3      | Found a glowing golden altar of the Shining One.
  2724 | D:3      | Found a sacrificial altar of Ru.
  2782 | D:4      | Noticed Ijyb
  2783 | D:4      | Killed from afar by an orc priest

Illustrated notes

Levels and vault maps discovered:
D:1:      dpeg_arrival_short_road, layout_loops_cross
D:2:      layout_loops_corners
D:3:      layout_basic, dancing_weapons_uskayaw, marbit_many_paths,
          grunt_temple_overflow_open, nicolae_ru_path_of_blood,
          chequers_ecumenical_altar_simple_redux
D:4:      minmay_bubble_buster, layout_loops_ring, kennysheep_okawaru_gauntlet,
          lemuel_crystal_altar, minmay_temple_entry_gardened_gates,
          serial_shops, nicolae_shop_temple_entry_statues_fountains,
          uniq_sigmund, uniq_ijyb

Skill      XL: |  1  2  3 |
---------------+----------+-----
Ice Magic      | 5 |  5.3
Stealth        | 3 |  3.1
Armour         | |  0.4
Dodging        | |  2.4
Spellcasting   | |  3.8

Action                   || total
-------------------------++-------
Melee: Unarmed           ||     7
       Dagger            ||    55
 Cast: Freeze            ||     7
       Frozen Ramparts   ||     3
 Stab: Sleeping          ||     8
Armor: Robe              ||    10
Dodge: Dodged            ||    44

Table legend: (Time is in decaauts)
 A = Elapsed time spent in this place.
 B = Non-inter-level travel time spent in this place.
 C = Inter-level travel time spent in this place.
 D = Time resting spent in this place.
 E = Time spent auto-exploring this place.
 F = Levels seen in this place.
 G = Mean time per level.
                   A        B        C        D        E       F      G
               +--------+--------+--------+--------+--------+-----+--------+
         Total |   2780 |   2705 |     75 |      4 |   2399 |   4 |  695.0 |
       Dungeon |   2780 |   2705 |     75 |      4 |   2399 |   4 |  695.0 |
               +--------+--------+--------+--------+--------+-----+--------+

Top non-repeatable levels by time:
     D:2: 1264 daAuts
     D:1: 796 daAuts
     D:3: 707 daAuts
     D:4: 11 daAuts
